 Dungeon Crawl Stone Soup version 0.28.0-45-g0d030f2227 (webtiles) character file.

Game seed: 16458135250286721372

16 seaoflcl the Shield-Bearer (level 2, -2/24 HPs)
             Began as a Human Fighter on Apr 11, 2022.
             Was a Plaything of Xom.
             Slain by a gnoll
             ... wielding a +0 whip
              (3 damage)
             ... on level 1 of the Dungeon.
             The game lasted 00:01:04 (1056 turns).

seaoflcl the Shield-Bearer (Human Fighter)          Turns: 1056, Time: 00:01:04

Health: -2/24      AC:  6    Str: 16    XL:     2   Next: 70%
Magic:  2/2        EV:  8    Int:  8    God:    Xom [..*...]
Gold:   52         SH:  4    Dex: 12    Spells: 1/1 levels left

rFire   . . .      SeeInvis .   a - +0 long sword
rCold   . . .      Faith    .   c - +0 buckler
rNeg    . . .      Spirit   .   b - +0 scale mail
rPois   .          Reflect  .   (no helmet)
rElec   .          Harm     .   (no cloak)
rCorr   .          Rampage  .   (no gloves)
Will    .....                   (no boots)
Stlth   ..........              (no amulet)
HPRegen 0.08/turn               (no ring)
MPRegen 0.08/turn               (no ring)

@: mighty
A: no striking features
a: Renounce Religion


You were on level 1 of the Dungeon.
You worshipped Xom.
You were a toy of Xom.
You visited 1 branch of the dungeon, and saw 2 of its levels.

You collected 52 gold pieces.

Inventory:

Hand Weapons
 a - a +0 long sword (weapon)
Armour
 b - a +0 scale mail (worn)
 c - a +0 buckler (worn)
Jewellery
 h - a ring of resist corrosion
 k - a ring of wizardry
Scrolls
 e - a scroll of identify {unknown}
 g - a scroll of teleportation {unknown}
 j - a scroll of enchant armour {unknown}
Potions
 d - a potion of might
 f - a potion of flight {unknown}
 i - a potion of invisibility {unknown}


   Skills:
 + Level 3.1 Fighting
 + Level 2.1 Long Blades
 + Level 3.2 Armour
 + Level 0.1 Dodging
 + Level 3.3 Shields


You had one spell level left.
You didn't know any spells.
Your spell library contained the following spells:

 Spells                   Type           Power      Damage    Failure   Level
 Blink                    Tloc           0%         N/A       97%         2
 Lesser Beckoning         Tloc           0%         N/A       99%         3
 Petrify                  Tmut/Erth      0%         N/A       100%        4
 Manifold Assault         Tloc           0%         N/A       100%        5
 Metabolic Englaciation   Hex/Ice        0%         N/A       100%        5
 Statue Form              Tmut/Erth      0%         N/A       100%        6


Dungeon Overview and Level Annotations

Branches:
Dungeon (2/15)

Altars:
Xom


Message History

k - a ring of wizardry A gnoll shaman and a gnoll come into view.
The gnoll shaman shouts!
A gnoll comes into view. It is wielding a +0 club.
A gnoll comes into view. It is wielding a +0 whip.
The gnoll shouts!
You hit the gnoll.
The gnoll is lightly wounded.
The gnoll shaman calls upon its god to speed up the gnoll.
The gnoll seems to speed up.
You block the gnoll's attack.
You hear a shout!
The gnoll completely misses you.
The gnoll hits you from afar with a +0 halberd.
You closely miss the gnoll shaman. You block the gnoll shaman's attack.
The gnoll barely misses you.
You barely miss the gnoll shaman.
The gnoll shaman calls upon its god to heal the gnoll.
The gnoll's wounds heal themselves!
The gnoll barely misses you.
You closely miss the gnoll shaman.
The gnoll shaman hits you with a +0 club!
The gnoll barely misses you.
You barely miss the gnoll. The gnoll closely misses you.
The gnoll hits you with a +0 club. The gnoll shaman completely misses you.
A kobold comes into view. It is wielding a +0 whip.
The gnoll hits you from afar with a +0 halberd.
The gnoll hits you with a +0 club.
* * * LOW HITPOINT WARNING * * *
The gnoll shaman completely misses you. The gnoll hits you with a +0 whip.
* * * LOW HITPOINT WARNING * * *
There is a stone staircase leading up here.
You block the gnoll's attack.
You climb upwards.
There is a stone staircase leading down here.
You feel very mighty all of a sudden. The gnoll hits you with a +0 whip.
* * * LOW HITPOINT WARNING * * *
You completely miss the gnoll. The gnoll hits you but does no damage.
The gnoll hits you with a +0 whip.
You die...

..#..## #####...####.### ##...#.
..##..## ##..# #..## ###...
.......# #..# ##..# ##.< .......#
#..# ##.## ###.. .......#
##.######..####...# .......#
#......##...#..### ......##
#..###.####...#### .....## #..#
#.#.......... ......## #@.#
#.#.######### .......#########.g#
#.#.#........ ........##........#
#.#.#.####### ..................#
#.#.#.#
..##....##........###.#.#.#######
..#....###..........#.#.#........
......## #..............#########
...#### #.......'#######'...# #
..## #.......#..###..###.# #


You could see a gnoll.

Vanquished Creatures
  A dart slug (D:1)
  A bat (D:1)
  3 endoplasms
  A giant cockroach (D:1)
  2 hobgoblins (D:1)
  A quokka (D:1)
  A frilled lizard (D:1)
  2 rats (D:1)
12 creatures vanquished.

Notes
Turn   | Place    | Note
-------+----------+-------------------------------------------
     0 | D:1      | seaoflcl the Human Fighter began the quest for the Orb.
     0 | D:1      | Reached XP level 1. HP: 18/18 MP: 1/1
   194 | D:1      | Reached XP level 2. HP: 11/24 MP: 2/2
   434 | D:1      | Found a faded altar of an unknown god.
   442 | D:1      | Prayed at the altar of an unknown god.
   442 | D:1      | Became a worshipper of Xom of Chaos
   595 | D:1      | XOM: 3-stop teleportation journey
   801 | D:1      | XOM: silly message
  1055 | D:1      | HP: 1/24 [gnoll/+0 whip (1)]
  1056 | D:1      | Slain by a gnoll

Illustrated notes

Levels and vault maps discovered:
D:1:      dpeg_arrival_arbitrary_b, layout_basic,
          hellmonk_ecumenical_altar_slurped_away, minivault_11,
          kennysheep_decorative_pillar, wander_ebering_terrifying_dragon_lair
D:2:      layout_basic, basic_altar, uniq_terence

Action                   || total
-------------------------++-------
Melee: Long sword        ||    39
  Use: Potion            ||     1
Armor: Scale mail        ||    15
Dodge: Dodged            ||    14
Block: Buckler           ||     7
